 Dungeon Sprint DCSS version 0.30-a0-937-ga0a21ad780 (webtiles) character file.

Game seed: 1206114761621652300

138 BigDaddyOpFi the Protected (level 8, -5/82 HPs)
             Began as a Minotaur Fighter on Mar 24, 2023.
             Was a Priest of Wu Jian.
             Slain by a neqoxec (9 damage)
             ... in the Dungeon (Sprint VI: "Thunderdome").
             The game lasted 00:02:00 (423 turns).

BigDaddyOpFi the Protected (Minotaur Fighter)        Turns: 423, Time: 00:02:00

Health: -5/82      AC: 10    Str: 24 (25) XL:     8   Next: 1%
Magic:  16/16      EV:  9    Int:  0 (1)  God:    Wu Jian [***...]
Gold:   50         SH:  6    Dex:  7      Spells: 7/7 levels left

rFire   x . .      SeeInvis +    r - +0 broad axe (drain)
rCold   + + .      Faith    +    c - +0 buckler
rNeg    . . .      Spirit   .    b - +0 scale mail
rPois   .          Reflect  .    (helmet restricted)
rElec   +          Rampage  .    (no cloak)
rCorr   .          NoTele   +    (no gloves)
Will    .....                    (no boots) Stlth
                                 o - amulet "Gaurch" {Faith rElec Str+3 Dex-4}
HPRegen 0.33/turn                p - ring "Malol" {AC+4 SInv}
MPRegen 0.15/turn                q - ring "Ucsazic" {rC+ MP+9}

@: slowed, lost intelligence, unable to read, very slow
A: horns 2, retaliatory headbutt, cold resistance 1, deformed body,
deterioration 1, dopey 2, heat vulnerability 1
a: Renounce Religion, Wall Jump, Serpent's Lash


You were in the Dungeon.
You worshipped Wu Jian.
Wu Jian was most pleased with you.
You visited 1 branch You collected 400 gold pieces.
You spent 350 gold pieces at shops.

Inventory:

Hand Weapons
 r - a +0 broad axe of draining (weapon)
Armour
 b - a +0 scale mail (worn)
 c - a +0 buckler (worn)
Jewellery
 o - the amulet "Gaurch" (around neck) {Faith rElec Str+3 Dex-4}
   (You bought it in a shop in the Dungeon)

   [amulet of faith]

   It allows you to gain divine favour quickly.
   Str:       It affects your strength (+3).
   Dex:       It affects your dexterity (-4).
   rElec:     It insulates you from electricity.
 p - the ring "Malol" (left hand) {AC+4 SInv}
   (You bought it in a shop in the Dungeon)

   [ring of protection]

   AC:        It affects your AC (+4).
   SInv:      It lets you see invisible.
 q - the ring "Ucsazic" (right hand) {rC+ MP+9}
   (You bought it in a shop in the Dungeon)

   [ring of magical power]

   rC:        It protects you from cold.
   MP:        It affects your magic capacity (+9).
Wands
 m - a wand of roots (5)
Scrolls
 j - 4 scrolls of blinking
 n - 3 scrolls of fog
Potions
 d - a potion of might
 e - a potion of curing
 g - 4 potions of haste
 h - 2 potions of magic
 i - a potion of berserk rage
 k - a potion of resistance


   Skills:
 + Level 11.1 Fighting
 + Level 10.8 Axes
 + Level 11.1 Armour
 + Level 11.1 Shields


You had 7 spell levels left.
You didn't know any spells.
Your spell library was empty.

Dungeon Overview and Level Annotations

Branches:
Dungeon (1/1)

Altars:
Dithmenos
Fedhas
Kikubaaqudgha
Makhleb
Okawaru
Qazlal
Ru
Sif Muna
Trog
Wu Jian
Xom
Yredelemnul
Zin
The Shining One
Lugonu

Shops:
D *[??*?*:[((


Innate Abilities, Weirdness & Mutations

You have a pair of horns on your head.
You reflexively headbutt those who attack you in melee.
Your flesh is cold resistant. (rC+)
Armour fits poorly on your strangely shaped body.
Your body sometimes deteriorates upon taking damage.
You are very dopey. (Int -4)
You are vulnerable to heat. (rF-)


Message History

The neqoxec hits you!
* * * LOW HITPOINT WARNING * * *
The neqoxec gestures at you.
Strange energies course through your body.
You feel frail. You block the neqoxec's attack.
You closely miss the neqoxec. Your headbutt misses the neqoxec.
The neqoxec is moderately wounded.
The neqoxec hits you!
* * * LOW HITPOINT WARNING * * *
Your body deteriorates!
You feel weakened.
A neqoxec comes into view.
The neqoxec hits you but does no damage.
You barely miss the neqoxec.
The neqoxec is moderately wounded.
The neqoxec shouts!
The neqoxec hits you but does no damage.
The neqoxec gestures at you.
Something tries to feed on your intellect!
You completely miss the neqoxec. You headbutt the neqoxec.
The neqoxec is moderately wounded.
The neqoxec hits you but does no damage.
A neqoxec comes into view.
The neqoxec closely misses you.
You closely miss the neqoxec.
The neqoxec is moderately wounded.
The neqoxec shouts!
You block the neqoxec's attack.
You closely miss the neqoxec. You headbutt the neqoxec!
The neqoxec is severely wounded.
You hit the neqoxec. The neqoxec hits you.
* * * LOW HITPOINT WARNING * * *
You block the neqoxec's attack. x2
You slice the neqoxec!!
The neqoxec is almost dead.
You barely miss the neqoxec. You hit the neqoxec but do no damage.
The neqoxec misses you. The neqoxec hits you!
* * * LOW HITPOINT WARNING * * *
The neqoxec hits you!
You die...

##.....## ##∩.....∩##
#∩.......∩# #_......._#
#_......._# #........_#
###.........###
#⌠3..........⌠#
######@8.........8.#
##._._.33...###......
###∩.....3..8.# .8...
##.............###.....
#⌠..........###...###.....
#⌠...†......# #.<.# ......
#⌠..........###...###......
##.............###.........
###∩........8.# #.8.......


You could see 4 neqoxecs.

Vanquished Creatures
  7 neqoxecs (D)
  A scorpion (D)
  A hell rat (D)
  2 river rats (D)
  2 worms (D)
  2 giant cockroaches (D)
  A quokka (D)
  2 rats (D)
18 creatures vanquished.

Notes
Turn   | Place    | Note
-------+----------+-------------------------------------------
     0 | D        | BigDaddyOpFi the Minotaur Fighter began the quest for the
                  | Orb.
     0 | D        | Reached XP level 1. HP: 19/19 MP: 0/0
     4 | D        | Found an iron altar of Okawaru.
     5 | D        | Found a burning altar of Makhleb.
     5 | D        | Round 1.
     6 | D        | Found a bloodstained altar of Trog.
     6 | D        | Found a corrupted altar of Lugonu.
     7 | D        | Found a glowing golden altar of the Shining One.
     7 | D        | Found a basalt altar of Yredelemnul.
     7 | D        | Found Gitapn's Identification Station.
     8 | D        | Found Voyblo's Jewellery.
     8 | D        | Found Jauleeq's Advanced Armour.
     9 | D        | Found a shimmering altar of Xom.
    11 | D        | Found Foankez's Magic Scroll Shop.
    22 | D        | Bought a flickering bronze amulet for 45 gold pieces
    22 | D        | Identified the amulet "Gaurch" {Faith rElec Str+3 Dex-4}
                  | (You bought it in a shop in the Dungeon)
    22 | D        | Bought an ancient bone ring for 45 gold pieces
    22 | D        | Identified the ring "Malol" {AC+4 SInv} (You bought it in a
                  | shop in the Dungeon)
    22 | D        | Bought a bound golden ring for 45 gold pieces
    22 | D        | Identified the ring "Ucsazic" {rC+ MP+9} (You bought it in
                  | a shop in the Dungeon)
    56 | D        | Noticed a scorpion
    65 | D        | Killed a scorpion
    66 | D        | Reached skill level 5 in Fighting
    66 | D        | Reached skill level 5 in Axes
    66 | D        | Reached skill level 5 in Armour
    66 | D        | Reached skill level 5 in Shields
    66 | D        | Reached XP level 2. HP: 27/30 MP: 1/1
    66 | D        | Reached XP level 3. HP: 33/37 MP: 2/2
    71 | D        | Arena points: 12 (+12) [x2]
   137 | D        | Round 2.
   147 | D        | Reached XP level 4. HP: 26/44 MP: 3/3
   254 | D        | Arena points: 54 (+42) [x3]
   262 | D        | Found a sacrificial altar of Ru.
   266 | D        | Found a glowing silver altar of Zin.
   267 | D        | Found Orium's Premium Goods.
   268 | D        | Found Ixtuas's Miscellaneous Merchandise.
   268 | D        | Found Itweom's Basic Armour.
   269 | D        | Found an ornate altar of the Wu Jian Council.
   269 | D        | Found a shimmering blue altar of Sif Muna.
   269 | D        | Found a blossoming altar of Fedhas.
   269 | D        | Found Vem Ylik's Weapon Rack.
   273 | D        | Found an ancient bone altar of Kikubaaqudgha.
   277 | D        | Became a worshipper of the Wu Jian Council
   285 | D        | Bought a +0 broad axe for 120 gold pieces
   326 | D        | Round 3.
   328 | D        | Noticed a neqoxec
   335 | D        | Noticed a neqoxec
   336 | D        | Killed a neqoxec
   337 | D        | Reached XP level 5. HP: 53/53 MP: 4/4
   339 | D        | Noticed a neqoxec
   339 | D        | Noticed a neqoxec
   339 | D        | Gained mutation: You are dopey. (Int -2) [a neqoxec]
   340 | D        | Noticed a neqoxec
   340 | D        | Gained mutation: You are robust. (+10% HP) [a neqoxec]
   341 | D        | Noticed a neqoxec
   341 | D        | Gained mutation: Your body sometimes deteriorates upon
                  | taking damage. [a neqoxec]
   345 | D        | Lost intelligence.
   345 | D        | Gained mutation: You are very dopey. (Int -4) [a neqoxec]
   349 | D        | Lost mutation: You are robust. (+10% HP) [a neqoxec]
   350 | D        | Killed a neqoxec
   350 | D        | Reached * piety under Wu Jian
   351 | D        | Reached XP level 6. HP: 48/63 MP: 5/5
   354 | D        | Gained mutation: Armour fits poorly on your strangely
                  | shaped body. [a neqoxec]
   354 | D        | HP: 1/63 [neqoxec (10)]
   355 | D        | Gained mutation: You are weak. (Str -2) [a neqoxec]
   356 | D        | Lost mutation: You are weak. (Str -2) [a neqoxec]
   358 | D        | Killed a neqoxec
   360 | D        | Gained mutation: You are robust. (+10% HP) [a neqoxec]
   361 | D        | Gained mutation: Your flesh is cold resistant. (rC+) [a
                  | neqoxec]
   362 | D        | Gained mutation: You are vulnerable to heat. (rF-) [a
                  | neqoxec]
   363 | D        | Killed a neqoxec
   363 | D        | Reached ** piety under Wu Jian
   364 | D        | Reached skill level 10 in Fighting
   364 | D        | Reached skill level 10 in Armour
   364 | D        | Reached skill level 10 in Shields
   364 | D        | Reached XP level 7. HP: 19/79 MP: 6/6
   364 | D        | Killed a neqoxec
   365 | D        | Reached skill level 10 in Axes
   365 | D        | Killed a neqoxec
   365 | D        | Arena points: 138 (+84) [x4]
   379 | D        | Round 4.
   381 | D        | Found Hoir's Magic Scroll Shop.
   381 | D        | Found Viuh's Must-Have Magic.
   382 | D        | Found a stormy altar of Qazlal.
   382 | D        | Found a shadowy altar of Dithmenos.
   382 | D        | Found Jifieh's Staff Store.
   388 | D        | Bought a scroll of brand weapon for 95 gold pieces
   391 | D        | Noticed a neqoxec
   398 | D        | Killed a neqoxec
   398 | D        | Reached *** piety under Wu Jian
   399 | D        | Reached XP level 8. HP: 19/90 MP: 7/7
   412 | D        | Lost intelligence.
   417 | D        | Lost mutation: You are robust. (+10% HP) [a neqoxec]
   423 | D        | HP: 4/82 [neqoxec (8)]
   423 | D        | Slain by a neqoxec

Illustrated notes

Levels and vault maps discovered:
D:        arena_sprint

Skill      XL: |  1  2  3  4  5  6  7 |
---------------+----------------------+-----
Fighting       | 5 6 8 9 10 11 | 11.1
Axes           | 5 7 8 9 10 | 10.8
Armour         | 5 6 8 10 11 | 11.1
Shields        | 5 6 8 9 10 11 | 11.1

Action                     |  1- 3 |  4- 6 |  7- 9 || total
---------------------------+-------+-------+-------++-------
  Melee: War axe           |    20 |     8 |       ||    28
         Headbutt          |     1 |     1 |     2 ||     4
         Broad axe         |       |    20 |    17 ||    37
Ability: Lunge             |       |     1 |       ||     1
  Evoke: Wand              |       |     5 |       ||     5
    Use: Potion            |       |     3 |     1 ||     4
         Scroll            |       |       |     1 ||     1
 Armour: Scale mail        |     9 |    22 |     8 ||    39
  Dodge: Dodged            |     5 |    26 |     2 ||    33
  Block: Buckler           |     2 |    14 |     6 ||    22

Table legend: (Time is in decaauts)
 A = Elapsed time spent in this place.
 B = Non-inter-level travel time spent in this place.
 C = Inter-level travel time spent in this place.
 D = Time resting spent in this place.
 E = Time spent auto-exploring this place.
 F = Levels seen in this place.
 G = Mean time per level.
                   A        B        C        D        E       F      G
               +--------+--------+--------+--------+--------+-----+--------+
         Total |    452 |    452 |      0 |    220 |      0 |   1 |  452.0 |
       Dungeon |    452 |    452 |      0 |    220 |      0 |   1 |  452.0 |
               +--------+--------+--------+--------+--------+-----+--------+

Top non-repeatable levels by time:
       D: 452 daAuts
